 Dungeon Crawl Stone Soup version 0.28.0-43-g3370ac3207 (webtiles) character file.

Game seed: 801625481722398372

93 diana the Sneak (level 4, -10/35 HPs)
             Began as a Djinni Brigand on Mar 20, 2022.
             Mangled by an orc warrior
             ... wielding a +0 battleaxe
              (11 damage)
             ... on level 3 of the Dungeon.
             The game lasted 00:05:24 (3272 turns).

diana the Sneak (Djinni Brigand)                    Turns: 3272, Time: 00:05:24

Health: -10/35     AC:  7    Str:  8 (10) XL:     4   Next: 92%
Gold:   73         EV: 12    Int: 12 (13) God:
                   SH:  0    Dex: 14 (16)

rFire   + + .      SeeInvis .   o - +2 dagger (holy)
rCold   x . .      Faith    .   (no shield)
rNeg    . . .      Spirit   .   b - +0 robe
rPois   ∞          Reflect  .   (no helmet)
rElec   .          Harm     .   c - +0 cloak
rCorr   .          Rampage  .   (no gloves)
Will    .....                   (boots unavailable)
Stlth   +++.......              (no amulet)
HPRegen 0.11/turn               k - +4 ring of protection
MPRegen 0.00/turn               (no ring)

@: brilliant, flying, invisible
A: sickness immunity, fire resistance 2, cold vulnerability 1, float, innate
caster, HP casting, extra vitality 1
a: no special abilities


You were on level 3 of the Dungeon.
You visited 1 branch of the dungeon, and saw 4 of its levels.

You collected 73 gold pieces.

Inventory:

Hand Weapons
 o - a +2 dagger of holy wrath (weapon)
Missiles
 d - 8 poisoned darts (quivered)
 e - 2 curare-tipped darts
Armour
 b - a +0 robe (worn)
 c - a +0 cloak (worn)
Jewellery
 k - a +4 ring of protection (left hand)
 t - a +6 ring of intelligence
Wands
 n - a wand of flame (14)
Scrolls
 a - a scroll of immolation {unknown}
 f - 2 scrolls of teleportation {unknown}
 g - 2 scrolls of noise {unknown}
 j - a scroll of holy word {unknown}
 l - a scroll of blinking {unknown}
 p - a scroll of identify {unknown}
 s - 2 scrolls of silence {unknown}


   Skills:
 + Level 3.0 Fighting
 + Level 2.7 Short Blades
 - Level 1.5 Throwing
 - Level 1.4 Dodging
 + Level 3.9 Stealth


You had 2 spell levels left.
You knew the following spells:

 Your Spells              Type           Power      Damage    Failure   Level
a - Sting                 Tmut/Pois      0%         1d3       32%         1
Your spell library was empty.

Dungeon Overview and Level Annotations

Branches:
Dungeon (4/15)
 Temple: D:4-7

Altars:
Hepliaklqana
Okawaru


Innate Abilities, Weirdness & Mutations

You are immune to sickness and miasma.
You are immune to poison.
Your flesh is very heat resistant. (rF++)
You are vulnerable to cold. (rC-)
You float through the air rather than walking.
You learn spells naturally, not from books.
Your magical power is your life essence.
You have superior vitality. (+4 MHP)


Message History

The orc warrior hits you with a +0 battleaxe.
It was a potion of invisibility.
You fade into invisibility!
The orc warrior barely misses you.
You barely miss the orc warrior. The orc warrior closely misses you.
You hit the orc warrior but do no damage.
The orc warrior hits you with a +0 battleaxe!
You barely miss the orc warrior. The orc warrior closely misses you.
You catch the helpless orc warrior completely off-guard!
You hit the orc warrior.
The orc warrior is moderately wounded.
The orc warrior hits you with a +0 battleaxe!
* * * LOW HITPOINT WARNING * * *
You hit the orc warrior but do no damage.
The orc warrior is moderately wounded.
The orc warrior closely misses you.
You barely miss the orc warrior.
The orc warrior is moderately wounded.
You barely miss the orc warrior.
The orc warrior is moderately wounded.
The orc warrior closely misses you.
You hit the orc warrior but do no damage.
The orc warrior is moderately wounded.
The orc warrior closely misses you.
You closely miss the orc warrior.
The orc warrior is moderately wounded.
The orc warrior hits you with a +0 battleaxe!
* * * LOW HITPOINT WARNING * * *
You are too injured to fight recklessly!
You catch the helpless orc warrior completely off-guard!
You puncture the orc warrior!
The orc warrior is severely wounded.
The orc warrior barely misses you.
You hit the orc warrior.
The orc warrior is almost dead.
The orc warrior hits you but does no damage.
You hit the orc warrior but do no damage.
The orc warrior is almost dead.
The orc warrior hits you with a +0 battleaxe!
You die...

......### #.#.#.###.# #.#.......#
#....## #.#.#..##.# #.#########
##.#.######.#.##.##.# #.#
##'#........#.##.##.# #.######
#...#########.<.....# #......#
.....## #####.######.####.# #
......## ##.###.# ##...#.#.# ##
.......####...##o####...(....###.
.......'........@..............'.
.......####...##.######.#....###.
).....## ##.##...# #......# ##
.....## ##.....# ##.##### #
#...## #.#...# #.# ##'## #.#####
#.# #.# #.# #.######## #.# #.#
#.#....... ##.## #.# #.#.####..


You could see an orc warrior.

Vanquished Creatures
  Ijyb (D:3)
  An adder (D:3)
  An adder skeleton (D:2)
  3 dart slugs
  5 orcs (D:4)
  2 bats
  3 endoplasms (D:1)
  4 goblins
  6 hobgoblins
  2 jackals (D:1)
  3 quokkas
  2 ball pythons (D:1)
  4 frilled lizards
  3 kobolds
  2 rats (D:1)
42 creatures vanquished.

Notes
Turn   | Place    | Note
-------+----------+-------------------------------------------
     0 | D:1      | diana the Djinni Brigand began the quest for the Orb.
     0 | D:1      | Reached XP level 1. HP: 18/18 MP: 0/0
    64 | D:1      | Reached XP level 2. HP: 16/23 MP: 0/0
   711 | D:1      | Reached XP level 3. HP: 27/29 MP: 0/0
   711 | D:1      | Learned a level 1 spell: Sting
  1450 | D:2      | Found a faded altar of an unknown god.
  1599 | D:2      | Found an iron altar of Okawaru.
  1893 | D:3      | Reached XP level 4. HP: 30/34 MP: 0/0
  2099 | D:3      | Noticed Ijyb
  2114 | D:3      | Killed Ijyb
  2796 | D:4      | Found a hazy altar of Hepliaklqana.
  3049 | D:4      | Noticed an orc warrior
  3053 | D:4      | Noticed a scorpion
  3269 | D:3      | HP: 1/35 [orc warrior/+0 battleaxe (8)]
  3272 | D:3      | Mangled by an orc warrior

Illustrated notes

Levels and vault maps discovered:
D:1:      psy_arrival_basics, layout_loops_ring, serial_forest,
          infiniplex_forest_lined_room_, infiniplex_forest_clump_double,
          infiniplex_forest_lined_ring, infiniplex_forest_clump_long,
          infiniplex_forest_zigzag_1, infiniplex_forest_lined_2
D:2:      layout_rooms, basic_altar, hellmonk_ecumenical_altar_crossroads
D:3:      layout_loops_corners, minivault_26, uniq_ijyb
D:4:      layout_loops_ring, nemelex_spade_bored_becter,
          nzn_hepliaklqana_mist_gate, grunt_decor_junction

Skill      XL: |  1  2  3  4 |
---------------+-------------+-----
Short Blades   | 2 |  2.7
Fighting       | 3 |  3.0
Throwing       | |  1.5
Dodging        | |  1.4
Stealth        | |  3.9

Action                   |  1- 3 |  4- 6 || total
-------------------------+-------+-------++-------
Melee: Dagger            |   113 |    90 ||   203
       Punch             |     1 |     3 ||     4
  Use: Potion            |       |     5 ||     5
 Stab: Sleeping          |     6 |     4 ||    10
       Invisible         |       |     2 ||     2
Armor: Robe              |    30 |    18 ||    48
Dodge: Dodged            |    51 |    46 ||    97
